 Dungeon Crawl Stone Soup version 0.27-a0-668-gb5737ff2c0 (webtiles) character file.

Game seed: 12250778356552848754

2 rednaxela the Insei (level 1, -1/21 HPs)
             Began as a Naga Monk on Mar 17, 2021.
             Slain by a goblin (2 damage)
             ... on level 1 of the Dungeon.
             The game lasted 00:01:16 (231 turns).

rednaxela the Insei (Naga Monk)                      Turns: 231, Time: 00:01:16

Health: -1/21      AC:  2    Str: 13    XL:     1   Next: 40%
Magic:  1/1        EV:  9    Int: 10    God:
Gold:   2          SH:  0    Dex: 13    Spells: 0/0 levels left

rFire    . . .     SeeInvis +     - Unarmed
rCold    . . .     Faith    .   (no shield)
rNeg     . . .     Spirit   .   b - +0 ring mail
rPois    +         Reflect  .   (no helmet)
rElec    .         Harm     .   (no cloak)
rCorr    .         Rampage  .   (no gloves)
Will     .....                  (no barding)
Stlth    ++........             (no amulet)
HPRegen  0.07/turn              (no ring)
MPRegen  0.07/turn              (no ring)

@: short of breath, very slow
A: AC +0, large, see invisible, deformed body, poison resistance, slowness 2,
spit poison 1, naga tail 1
a: Spit Poison


You were on level 1 of the Dungeon.
You visited 1 branch of the dungeon, and saw 1 of its levels.

You collected 2 gold pieces.

Inventory:

Missiles
 d - 17 bolts
 f - 30 stones (quivered)
Armour
 a - a +0 robe
 b - a +0 ring mail (worn)
   (You found it on level 1 of the Dungeon)
Scrolls
 c - a scroll of fog {unknown}
 e - a scroll of amnesia {unknown}


   Skills:
 - Level 3.0 Fighting
 - Level 2.4 Dodging
 - Level 3.0 Stealth
 + Level 3.2 Unarmed Combat


You couldn't memorise any spells.
You didn't know any spells.
Your spell library was empty.

Dungeon Overview and Level Annotations

Branches:
Dungeon (1/15)

Altars:


Innate Abilities, Weirdness & Mutations

Your serpentine skin is tough. (AC +0)
You have supernaturally acute eyesight. (SInv)
Armour fits poorly on your strangely shaped body.
Your system is resistant to poisons. (rPois)
You cover ground very slowly.
You can spit poison.
You have a snake-like lower body.


Message History

Welcome, rednaxela the Naga Monk.
Will you be the one to retrieve the awesome Orb of Zot from the depths?
Press ? for a list of commands and other information.
Found a staircase leading out of the dungeon.
As you open the door, it creaks loudly!
There is an open door here.
You open the door.
Found a ring mail.
There is an open door here.
Found a scroll labelled NIEMEBRIZO.
You see here a +0 ring mail.
b - a +0 ring mail You start removing your armour.
You continue taking off your +0 robe. x4
You finish taking off your +0 robe.
You start putting on your armour.
You continue putting on your +0 ring mail. x5
You finish putting on your +0 ring mail.
Found 2 gold pieces.
c - a scroll labelled NIEMEBRIZO You now have 2 gold pieces.
You open the door.
There is an open door here.
Found 17 bolts.
You open the door.
Found 25 stones.
You see here 17 bolts.
d - 17 bolts You open the door.
There is an open door here.
e - a scroll labelled NAHIMOFIFU You see here 25 stones.
f - 25 stones A kobold comes into view.
The kobold shouts!
The kobold throws a stone.
The stone barely misses you.
The kobold throws a stone.
The stone hits you but does no damage.
The kobold throws a stone.
The stone hits you.
You hit the kobold but do no damage. The kobold hits you.
You closely miss the kobold. The kobold completely misses you.
You barely miss the kobold. The kobold closely misses you.
You hit the kobold. Your punch misses the kobold.
The kobold is moderately wounded.
The kobold barely misses you.
You barely miss the kobold.
The kobold is moderately wounded.
The kobold hits you.
You hit the kobold.
You kill the kobold!
f - 30 stones (gained 5)
You see here a kobold corpse.
HP restored.
Found a whip.
You open the door.
There is an open door here.
A goblin comes into view. It is wielding a +0 dagger of speed.
There is an open door here.
A gnoll comes into view. It is wielding a +0 spear.
Found a scroll labelled QECZUNAFEX.
The helpless goblin fails to defend itself.
You hit the goblin.
The goblin is severely wounded.
The goblin hits you but does no damage.
The goblin hits you with a +0 dagger of speed.
You hit the goblin.
You kill the goblin!
The gnoll shouts!
You hear a shout!
The gnoll hits you from afar with a +0 spear!
* * * LOW HITPOINT WARNING * * *
Press: ? - help, Shift-Dir - straight line, f - gnoll
Aim: a gnoll, wielding a +0 spear The splash of poison hits the gnoll.
The gnoll is lightly wounded.
A goblin comes into view.
The gnoll hits you from afar with a +0 spear!
* * * LOW HITPOINT WARNING * * *
The gnoll hits you from afar with a +0 spear.
* * * LOW HITPOINT WARNING * * *
The goblin hits you.
You die...

.# ..### ## ....
#..# ...## #..#.##
#....# #
..#?)#...#..#+
#..#g##.#.......
#.....g.........
#..#.#@#)#+#.... #
#.#.....##.
#.#........
#.'......#.
###........
####......##
#........##########
#.###..............
#.# #.........###'#


You could see a gnoll and a goblin.

Vanquished Creatures
  A goblin (D:1)
  A kobold (D:1)
2 creatures vanquished.

Notes
Turn   | Place    | Note
-------+----------+-------------------------------------------
     0 | D:1      | rednaxela the Naga Monk began the quest for the Orb.
     0 | D:1      | Reached XP level 1. HP: 21/21 MP: 1/1
   231 | D:1      | HP: 1/21 [gnoll/+0 spear (4)]
   231 | D:1      | Slain by a goblin

Illustrated notes

Levels and vault maps discovered:
D:1:      nicolae_arrival_somewhat_less_tricky_arrival, layout_basic,
          minmay_small_reverse_x

Action                   || total
-------------------------++-------
Melee: Unarmed           ||     8
 Abil: Spit Poison       ||     1
 Stab: Sleeping          ||     1
Armor: Ring mail         ||     2
Dodge: Dodged            ||     4

Table legend: (Time is in decaauts)
 A = Elapsed time spent in this place.
 B = Non-inter-level travel time spent in this place.
 C = Inter-level travel time spent in this place.
 D = Time resting spent in this place.
 E = Time spent auto-exploring this place.
 F = Levels seen in this place.
 G = Mean time per level.
                   A        B        C        D        E       F      G
               +--------+--------+--------+--------+--------+-----+--------+
         Total |    290 |    283 |      7 |      0 |    162 |   1 |  290.0 |
       Dungeon |    290 |    283 |      7 |      0 |    162 |   1 |  290.0 |
               +--------+--------+--------+--------+--------+-----+--------+

Top non-repeatable levels by time:
     D:1: 290 daAuts
